Map: Year Zero LE

Players

TIME (Oliveira) - Winner!

  • Race: Terran Terran
  • League: Master
  • Spawn Location: 1:00

MaSa

  • Race: Terran Terran
  • League: Master
  • Spawn Location: 11:00

Event: 2019 WCS Winter Americas

VOD

Have the link to the VOD?

Description

Time

  • Played on: April 6, 2019, 2:19 p.m.
  • Length: 8:00

All games in this series

Show
View Real Time Build Order
Export as new Build Order

TIME Terran - Winner!

Build Orders: Reaper Expand 

Get SALT Encoding   

  12  0:01  SCV  
  13  0:14  SCV  
  14  0:18  Supply Depot  
  14  0:26  SCV  
  15  0:40  SCV, Barracks  
  16  0:45  Refinery  
  16  0:52  SCV  
  17  1:04  SCV  
  18  1:16  SCV  
  19  1:28  Reaper  
  19  1:29  Orbital Command  
  20  1:52  Command Center  
  20  1:55  SCV  
  20  2:00  Marine  
  22  2:03  Supply Depot  
  22  2:07  SCV  
  23  2:12  Factory  
  23  2:19  Refinery  
  23  2:23  Barracks Reactor  
  23  2:25  SCV  
  24  2:37  SCV  
  25  2:49  SCV  
  26  2:55  Hellion  
  26  2:56  Starport  
  28  3:01  SCV, Marine x2  
  28  3:04  Orbital Command  
  31  3:08  Bunker  
  31  3:13  SCV  
  31  3:17  Factory Tech Lab  
  31  3:19  Marine x2  
  34  3:23  Refinery  
  34  3:26  SCV  
  35  3:29  SCV  
  36  3:38  SCV  
  37  3:41  Supply Depot, Factory Tech Lab  
  37  3:42  Raven  
  37  3:45  SCV  
  37  3:48  Marine  
  40  3:49  Marine  
  40  3:53  SCV  
  43  3:57  SCV  
  44  4:03  Cyclone  
  44  4:04  Supply Depot  
  44  4:05  SCV  
  44  4:07  Marine  
  44  4:09  Marine  
  50  4:12  SCV  
  51  4:17  SCV  
  51  4:24  SCV  
  51  4:25  Raven  
  51  4:26  Marine  
  51  4:27  Marine, Supply Depot  
  51  4:30  SCV  
  57  4:35  Siege Tank  
  57  4:36  SCV  
  61  4:41  Supply Depot  
  61  4:42  SCV  
  62  4:48  Marine x2  
  62  4:49  Supply Depot  
  62  4:50  SCV  
  65  4:55  SCV  
  66  5:02  SCV  
  67  5:07  SCV  
  67  5:09  Siege Tank  
  71  5:14  Viking  
  71  5:15  Viking  
  75  5:22  Command Center  
  75  5:26  SCV x2, Refinery  
  77  5:29  Marine  
  77  5:31  Stimpack  
  78  5:37  Supply Depot  
  78  5:38  SCV x2  
  78  5:42  Siege Tank  
  83  5:45  Viking  
  85  5:53  Marine  
  85  5:57  SCV  
  86  5:58  Supply Depot  
  86  5:59  SCV  
  86  6:01  Viking, Supply Depot  
  89  6:09  SCV  
  90  6:11  Marine  
  90  6:15  SCV, Engineering Bay x2  
  90  6:16  Viking  
  94  6:24  SCV  
  95  6:25  Siege Tank  
  98  6:33  Viking  
  98  6:39  SCV  
  99  6:41  SCV  
  99  6:43  Marine  
  101  6:52  SCV  
  101  6:54  SCV, Barracks x2  
  96  7:11  Siege Tank  
  96  7:12  Viking x2  
  96  7:13  SCV x2  
  105  7:21  Orbital Command  
  103  7:33  SCV  
  103  7:36  SCV, Marine  
  104  7:42  Barracks  
  104  7:43  Barracks  
  104  7:45  SCV  
Show
View Real Time Build Order
Export as new Build Order

MaSa Terran 

Build Orders: Cyclone Opening, Gas First Reaper Expand, Mech 

Get SALT Encoding   

  12  0:00  SCV  
  13  0:12  SCV  
  14  0:17  Supply Depot  
  14  0:25  SCV  
  15  0:29  Refinery  
  15  0:39  SCV  
  16  0:45  Barracks  
  16  0:51  SCV  
  17  1:03  SCV  
  18  1:15  SCV  
  19  1:32  Reaper, Orbital Command  
  20  1:50  Command Center  
  20  1:57  SCV  
  21  2:04  Factory  
  21  2:05  Marine  
  22  2:12  Supply Depot  
  22  2:14  SCV  
  23  2:21  Refinery  
  23  2:23  Barracks Tech Lab  
  23  2:33  SCV  
  23  2:35  Supply Depot  
  24  2:45  SCV  
  25  2:53  Cyclone  
  28  2:59  Starport  
  28  3:01  SCV  
  29  3:08  Orbital Command  
  29  3:12  Barracks Tech Lab  
  29  3:15  SCV  
  30  3:20  Refinery  
  30  3:27  SCV  
  30  3:29  Cyclone  
  34  3:34  SCV  
  34  3:38  Barracks Reactor  
  34  3:40  SCV  
  36  3:46  SCV  
  37  3:52  SCV  
  38  4:03  Raven  
  38  4:04  Command Center  
  38  4:05  SCV  
  38  4:07  SCV  
  42  4:12  Supply Depot  
  42  4:17  Refinery  
  42  4:21  SCV  
  42  4:22  SCV  
  42  4:24  Marine x2  
  45  4:26  Siege Tank  
  49  4:33  Supply Depot  
  49  4:34  SCV x2  
  51  4:45  Marine  
  52  4:46  SCV x2, Raven  
  52  4:47  Marine  
  57  4:58  SCV x2, Siege Tank  
  62  5:10  SCV x2  
  62  5:11  Factory  
  64  5:17  Refinery  
  65  5:22  SCV  
  65  5:23  SCV  
  65  5:25  Supply Depot  
  65  5:26  Armory  
  65  5:27  Orbital Command  
  66  5:33  Barracks Reactor  
  66  5:34  SCV, Siege Tank  
  66  5:35  SCV  
  71  5:43  Viking  
  71  5:44  Refinery  
  71  5:46  SCV  
  71  5:47  Viking  
  71  5:48  SCV  
  77  5:51  Supply Depot  
  77  5:58  SCV  
  77  6:00  SCV, Factory  
  77  6:01  SCV  
  80  6:09  Siege Tank  
  80  6:10  SCV  
  84  6:13  SCV  
  84  6:14  Engineering Bay  
  84  6:17  Viking  
  87  6:23  Viking  
  87  6:24  SCV  
  90  6:28  Hellion  
  90  6:32  SCV x2  
  94  6:36  SCV  
  92  6:41  Siege Tank  
  95  6:47  Viking, SCV  
  95  6:51  SCV  
  95  6:53  Viking  
  101  6:58  SCV  
  101  7:01  Supply Depot x2  
  84  7:09  Siege Tank  
  84  7:11  SCV  
  86  7:15  Siege Tank  
  86  7:16  Hellion  
  86  7:17  Viking  
  93  7:23  Viking  
  89  7:32  Hellion  
  82  7:37  SCV  
Tags
 
Add a new tag
Caveats
  • Supply blocks, unpowered buildings, or Contaminate may cause inaccurate times.
  • Supply counts are checked every 10 seconds.